 Dungeon Crawl Stone Soup version 0.21.1-1-g345015f (webtiles) character file.

125 fjord the Sneak (level 4, 0/33 HPs)
             Began as a Vampire Assassin on June 22, 2018.
             Slain by a worker ant (6 damage)
             ... on level 4 of the Dungeon.
             The game lasted 00:17:25 (2394 turns).

fjord the Sneak (Vampire Assassin)                  Turns: 2394, Time: 00:17:27

Health: 0/33       AC:  4    Str: 10    XL:     4   Next: 82%
Magic:  4/4        EV: 11    Int: 14    God:
Gold:   110        SH:  0    Dex: 15    Spells: 3/3 levels left

rFire    . . .     SeeInvis +   a - +2 dagger
rCold    + . .     Gourm    .   (no shield)
rNeg     + + .     Faith    .   n - +0 leather armour
rPois    +         Spirit   .   (no helmet)
rElec    .         Reflect  .   v - +0 cloak
rCorr    .         Harm     .   (no gloves)
MR       .....                  (no boots)
Stlth    +++++.....             (no amulet)
HPRegen  0.05/turn              (no ring)
MPRegen  0.09/turn              (no ring)

@: regenerating slowly
A: fangs 3, see invisible, unbreathing
a: Bat Form


You were on level 4 of the Dungeon.
You were thirsty.

You visited 1 branch of the dungeon, and saw 4 of its levels.

You collected 110 gold pieces.

Inventory:

Hand Weapons
 a - a +2 dagger (weapon)
 b - a +0 blowgun
 p - a +0 dagger of electrocution
 u - a +3 quarterstaff of chaos
Missiles
 e - 27 poisoned needles
 f - 2 curare-tipped needles
Armour
 c - a +0 robe
 d - a +0 cloak
 n - a +0 leather armour (worn)
 v - a +0 cloak (worn)
Scrolls
 i - 2 scrolls of remove curse {unknown}
 l - 2 scrolls of blinking {unknown}
 o - 3 scrolls of amnesia {unknown}
 s - a scroll of teleportation {unknown}
 w - a scroll of enchant armour {unknown}
Potions
 g - 14 potions of blood
 h - a potion of degeneration {unknown}
 j - a potion of might {unknown}
 k - 2 potions of heal wounds {unknown}
 m - 2 potions of curing {unknown}
 q - a potion of cancellation {unknown}
 r - 2 potions of haste {unknown}
 t - a potion of brilliance {unknown}


   Skills:
 - Level 1.7 Fighting
 + Level 3.0 Short Blades
 + Level 2.4 Throwing
 + Level 0.5 Armour
 + Level 1.4 Dodging
 + Level 7.8 Stealth


You had 3 spell levels left.
You didn't know any spells.

Dungeon Overview and Level Annotations

Branches:
Dungeon (4/15)
 Temple: D:4-7

Altars:
Okawaru

Annotations:
D:3 tidbits's ghost, amateur GnSk


Innate Abilities, Weirdness & Mutations

You heal slowly.
You have razor-sharp teeth.
You have supernaturally acute eyesight. (SInv)
You can survive without breathing.


Message History

You hit the worker ant.
The worker ant is lightly wounded.
The worker ant bites you.
You completely miss the worker ant.
The worker ant is lightly wounded.
The worker ant misses you.
You hit the worker ant.
The worker ant is moderately wounded.
The worker ant bites you.
You closely miss the worker ant.
The worker ant is moderately wounded.
The worker ant bites you.
* * * LOW HITPOINT WARNING * * *
You completely miss the worker ant.
The worker ant is moderately wounded.
The worker ant barely misses you.
You hit the worker ant.
The worker ant is moderately wounded.
The worker ant bites you.
You die...

..# ##........ #..#
#.........
###..##.........
#.#...!...>.......
#((.........#.....
#.#...............!.
#...................
#...........@.......
.........%a........
#.................
#.....%...........
#..........####...
#....o....?..# ..
#.........##... .
#.........# #.# #
##...<...###....


You could see a worker ant and an orc.

Vanquished Creatures
  Crazy Yiuf (D:2)
  Jessica (D:2)
  3 adders
  2 worms (D:2)
  2 dart slugs
  An orc (D:4)
  7 bats
  5 hobgoblins
  3 kobolds (D:2)
  2 frilled lizards
  3 goblins
  8 rats
38 creatures vanquished.

Notes
Turn   | Place    | Note
-------+----------+-------------------------------------------
     0 | D:1      | fjord the Vampire Assassin began the quest for the Orb.
     0 | D:1      | Reached XP level 1. HP: 16/16 MP: 1/1
    41 | D:1      | Reached skill level 6 in Stealth
   525 | D:2      | Reached XP level 2. HP: 13/22 MP: 2/2
  1050 | D:1      | Reached skill level 7 in Stealth
  1091 | D:2      | Reached XP level 3. HP: 27/27 MP: 3/3
  1212 | D:2      | Found an iron altar of Okawaru.
  1312 | D:2      | Noticed Jessica
  1326 | D:2      | Killed Jessica
  1326 | D:2      | Reached XP level 4. HP: 28/33 MP: 4/4
  1716 | D:2      | Found a runed door.
  1789 | D:2      | Noticed Crazy Yiuf
  1793 | D:2      | Killed Crazy Yiuf
  2158 | D:3      | Noticed tidbits's ghost (amateur GnSk)
  2394 | D:4      | Slain by a worker ant

Skill      XL: |  1  2  3  4 |
---------------+-------------+-----
Stealth        | 6 7 |  7.8
Throwing       | 2 |  2.4
Short Blades   | 3 |  3.0
Fighting       | |  1.7
Armour         | |  0.5
Dodging        | |  1.4

Action                   |  1- 3 |  4- 6 || total
-------------------------+-------+-------++-------
Melee: Dagger            |    55 |    40 ||    95
       Bite              |     5 |     2 ||     7
 Fire: Blowgun           |    28 |       ||    28
 Abil: End Transformatio |       |     1 ||     1
       Bat Form          |       |     1 ||     1
  Use: Potion            |       |     2 ||     2
 Stab: Sleeping          |     6 |     6 ||    12
Armor: Robe              |    14 |       ||    14
       Leather armour    |     3 |     4 ||     7
Dodge: Dodged            |    35 |    17 ||    52
